 Dungeon Crawl Stone Soup version 0.29.1-2-gbd0b4ee654 (webtiles) character file.

Game seed: 2514631599907799972

2905 sanboga the Cleaver (level 9, -4/73 HPs)
             Began as a Minotaur Monk on Oct 31, 2022.
             Was a Priest of Hepliaklqana.
             Killed from afar by Joseph (12 damage)
             ... with a bolt of acid
             ... on level 7 of the Dungeon.
             The game lasted 00:08:31 (7776 turns).

sanboga the Cleaver (Minotaur Monk)                 Turns: 7776, Time: 00:08:32

Health: -4/73      AC:  9    Str: 20    XL:     9   Next: 49%
Magic:  8/8        EV:  7    Int:  7    God:    Hepliaklqana [***...]
Gold:   390        SH:  0    Dex: 13    Spells: 8/8 levels left

rFire   . . .      SeeInvis .   g - +3 war axe
rCold   . . .      Faith    .   (no shield)
rNeg    . . .      Spirit   .   B - +0 plate armour
rPois   .          Reflect  .   q - +1 hat
rElec   .          Harm     .   p - +0 cloak
rCorr   .          Rampage  .   (no gloves)
Will    ++...                   d - +0 pair of boots
Stlth   ..........              (no amulet)
HPRegen 0.22/turn               u - ring of willpower
MPRegen 0.11/turn               m - ring of willpower

@: corroded
A: reduced essence, horns 2, retaliatory headbutt
a: Renounce Religion, Recall Ancestor, Ancestor Identity, Transference


You were on level 7 of the Dungeon.
You worshipped Hepliaklqana.
Hepliaklqana was most pleased with you.
You visited 2 branches of the dungeon, and saw 8 of its levels.

You collected 390 gold pieces.

Inventory:

Hand Weapons
 g - a +3 war axe (weapon)
Armour
 d - a +0 pair of boots (worn)
 p - a +0 cloak (worn)
 q - a +1 hat (worn)
 B - a +0 plate armour (worn)
Jewellery
 m - a ring of willpower (right hand)
 u - a ring of willpower (left hand)
 w - a ring of ice
 y - a ring of poison resistance
Wands
 t - a wand of polymorph (21)
 C - a wand of paralysis (10)
Scrolls
 c - 2 scrolls of blinking {unknown}
 e - 3 scrolls of teleportation
 f - a scroll of identify
 j - a scroll of brand weapon {unknown}
 n - a scroll of fog
 o - a scroll of noise {unknown}
 r - 2 scrolls of amnesia {unknown}
 v - a scroll of enchant armour {unknown}
 z - a scroll of enchant weapon {unknown}
 A - a scroll of fear {unknown}
Potions
 a - a potion of ambrosia
 b - a potion of resistance
 h - a potion of invisibility {unknown}
 i - a potion of haste
 k - 4 potions of curing
 l - a potion of mutation
 s - 4 potions of heal wounds {unknown}
 x - a potion of degeneration {unknown}


   Skills:
 + Level 8.7 Fighting
 * Level 11.7 Axes
 + Level 7.7 Armour
 - Level 3.2 Dodging
 - Level 1.5 Stealth


You had 8 spell levels left.
You didn't know any spells.
Your spell library contained the following spells:

 Spells                   Type           Power      Damage    Failure   Level
 Conjure Flame            Conj/Fire      0%         6-21      100%        3
 Ignite Poison            Fire/Tmut/Pois 0%         N/A       100%        3
 Portal Projectile        Hex/Tloc       0%         N/A       100%        3
 Stone Arrow              Conj/Erth      0%         3d7       100%        3
 Tukima's Dance           Hex            0%         N/A       100%        3
 Animate Armour           Summ/Erth      0%         N/A       100%        4
 Sticky Flame             Conj/Fire      0%         2d3       100%        4
 Blade Hands              Tmut           0%         N/A       100%        5
 Lehudib's Crystal Spear  Conj/Erth      0%         10d2      100%        8


Dungeon Overview and Level Annotations

Branches:
Dungeon (7/15)             Temple (1/1) D:4

Altars:
Cheibriados
Dithmenos
Elyvilon
Fedhas
Gozag
Hepliaklqana
Makhleb
Okawaru
Uskayaw

Annotations:
D:7 Joseph


Innate Abilities, Weirdness & Mutations

Your life essence is reduced to manifest your ancestor. (-10% HP)
You have a pair of horns on your head.
You reflexively headbutt those who attack you in melee.


Message History

You closely miss Joseph. Joseph barely misses you.
You hit Joseph but do no damage. You hit Joseph.
Joseph is lightly wounded.
Joseph closely misses you.
You slash Joseph!
Joseph is lightly wounded.
Joseph hits you with a +0 quarterstaff!
SaddleBage casts a spell at Joseph.
The stone arrow hits Joseph!
You hit Joseph. Your headbutt misses Joseph.
Joseph is moderately wounded.
Joseph hits you but does no damage.
You hit Joseph. You headbutt Joseph, but do no damage.
Joseph is moderately wounded.
Joseph zaps a wand.
The bolt of acid hits you!! The acid corrodes you!
The bolt of acid hits SaddleBage!!
SaddleBage is destroyed!
You hit Joseph but do no damage. Your headbutt misses Joseph.
Joseph is moderately wounded.
Joseph hits you but does no damage.
You barely miss Joseph. You headbutt Joseph, but do no damage.
Joseph is moderately wounded.
Joseph hits you with a +0 quarterstaff.
You are too injured to fight recklessly!
You are too injured to fight recklessly!
You are too injured to fight recklessly!
You are too injured to fight recklessly!
You are too injured to fight recklessly!
Found a stone staircase leading up.
Joseph zaps a wand.
The bolt of acid hits you! The acid corrodes you!
You hit Joseph but do no damage. Your headbutt misses Joseph.
Joseph is moderately wounded.
Joseph screams, "I'm going to kill you!
Now!"
Joseph hits you with a +0 quarterstaff!
* * * LOW HITPOINT WARNING * * *
You hit Joseph but do no damage. You headbutt Joseph!
Joseph is heavily wounded.
Joseph zaps a wand.
The bolt of acid hits you!
You die...

......##.########.....###
......##..........^#.....
#...#############........
...). #.##..... ..... #.#
#### ...... #)# ......
#.# .....## ########.#
......[@@# .........#
........... ..........##
........... ..........##
# ########..# .<# .


You could see Joseph.

Vanquished Creatures
  A yak (D:5)
  An ogre (D:6)
  A necrophage (D:6)
  4 scorpions
  A gnoll sergeant (D:5)
  3 wights
  A gnoll bouda (D:4)
  A hound (D:6)
  2 orc priests
  2 iguanas
  An orc wizard (D:3)
  6 gnolls
  Robin (D:3)
  5 adders
  A shadow imp (D:5)
  3 worms
  2 dart slugs
  12 orcs
  9 bats
  4 endoplasms
  3 giant cockroaches
  14 goblins
  5 hobgoblins
  5 jackals
  10 kobolds
  4 quokkas
  8 ball pythons
  3 frilled lizards
  6 rats
119 creatures vanquished.

Vanquished Creatures (collateral kills)
  A shadow (D:6)
  Sigmund (D:4)
  3 yaks (D:5)
  An ice beast (D:6)
  A sky beast (D:6)
  An ogre (D:5)
  3 scorpions
  A necrophage (D:7)
  2 wights (D:6)
  A howler monkey (D:7)
  A gnoll bouda (D:6)
  A jelly (D:5)
  An orc priest (D:6)
  An iguana (D:4)
  Natasha (thrice) (D:3)
  2 orc wizards (D:6)
  5 gnolls
  2 adders
  A white imp (D:6)
  An ufetubus (D:5)
  13 orcs
  4 endoplasms
  2 goblins
  A hobgoblin (D:4)
  A quokka (D:4)
  4 ball pythons
  2 bats (D:3)
  2 kobolds (D:4)
  A rat (D:3)
63 creatures vanquished.

Vanquished Creatures (others)
  2 battlemagi (D:7)
2 creatures vanquished.

Grand Total: 184 creatures vanquished

Notes
Turn   | Place    | Note
-------+----------+-------------------------------------------
     0 | D:1      | sanboga the Minotaur Monk began the quest for the Orb.
     0 | D:1      | Reached XP level 1. HP: 19/19 MP: 0/0
   157 | D:1      | Reached skill level 4 in Axes
   250 | D:1      | Reached XP level 2. HP: 27/27 MP: 1/1
   396 | D:1      | Reached skill level 1 in Armour
   636 | D:1      | Reached XP level 3. HP: 31/33 MP: 2/2
  1484 | D:2      | Found a faded altar of an unknown god.
  1485 | D:2      | Found an opulent altar of Gozag.
  1703 | D:2      | Reached skill level 5 in Axes
  1709 | D:2      | Reached XP level 4. HP: 30/40 MP: 3/3
  2286 | D:3      | Found a white marble altar of Elyvilon.
  2335 | D:3      | Noticed Robin
  2342 | D:3      | Killed Robin
  2453 | D:3      | Found a shadowy altar of Dithmenos.
  2453 | D:3      | Found a hazy altar of Hepliaklqana.
  2456 | D:3      | Noticed a shadow
  2461 | D:3      | Became a worshipper of Hepliaklqana the Forgotten
  2461 | D:3      | Reached * piety under Hepliaklqana
  2461 | D:3      | Reached ** piety under Hepliaklqana
  2468 | D:3      | Remembered your ancestor SaddleBage as a battlemage
  3008 | D:3      | Reached XP level 5. HP: 39/42 MP: 4/4
  3111 | D:3      | Noticed Natasha
  3116 | D:3      | Killed Natasha
  3234 | D:3      | Noticed Natasha
  3239 | D:3      | Killed Natasha
  3240 | D:3      | Reached skill level 6 in Axes
  3373 | D:3      | Noticed Natasha
  3381 | D:3      | Killed Natasha
  3382 | D:3      | Reached skill level 5 in Fighting
  3700 | D:4      | Noticed Sigmund
  3713 | D:4      | Killed Sigmund
  3714 | D:4      | Reached XP level 6. HP: 6/50 MP: 5/5
  3968 | D:4      | Reached skill level 7 in Axes
  4091 | D:4      | Reached XP level 7. HP: 52/55 MP: 6/6
  4103 | D:4      | Found a staircase to the Ecumenical Temple.
  4716 | Temple   | Entered the Ecumenical Temple
  4748 | D:5      | Entered Level 5 of the Dungeon
  4813 | D:5      | Reached skill level 8 in Axes
  5210 | D:5      | Reached skill level 5 in Armour
  5512 | D:5      | Reached XP level 8. HP: 60/63 MP: 7/7
  5683 | D:5      | Identified the +0 leather armour of Inevitability {+Blink
                  | +Inv rC+}
  5702 | D:5      | Reached skill level 9 in Axes
  5710 | D:5      | Reached skill level 10 in Axes
  6016 | D:5      | Found a hide-covered altar of Uskayaw.
  6045 | D:5      | Found a burning altar of Makhleb.
  6528 | D:6      | Reached *** piety under Hepliaklqana
  6652 | D:6      | Reached XP level 9. HP: 72/72 MP: 8/8
  6696 | D:6      | Reached skill level 11 in Axes
  6770 | D:6      | Found a blossoming altar of Fedhas.
  6770 | D:6      | Found a faded altar of an unknown god.
  6776 | D:6      | Found a faded altar of an unknown god.
  6779 | D:6      | Found an iron altar of Okawaru.
  6781 | D:6      | Found a snail-covered altar of Cheibriados.
  7461 | D:7      | Noticed Joseph
  7776 | D:7      | Killed from afar by Joseph

Illustrated notes

Levels and vault maps discovered:
D:1:      dpeg_arrival_tiny_b, layout_basic, st_stairs_7,
          kennysheep_small_spiral, minmay_tall_x
D:2:      layout_loops_cross, basic_altar,
          hellmonk_ecumenical_altar_pennies_from_heaven, minmay_goblin_outpost
D:3:      layout_loops_corners, elyvilon_altar_1,
          riverfiend_overflow_shadow_ancestor,
          nicolae_concentric_dashed_squares_wild, uniq_robin, uniq_natasha
D:4:      layout_basic, minmay_temple_entry_water_ring, uniq_sigmund
D:5:      kennysheep_spiral_hall, layout_rooms,
          mainiacjoe_overflow_large_starburst, small_statue_intersection,
          minmay_stone_trees_small, minmay_misc_feat_more_columns,
          lightli_minifort
D:6:      layout_loops_ring, chequers_temple_overflow_minitemple
D:7:      kennysheep_steamy, layout_rooms, uniq_duvessa,
          uniq_crazy_yiuf_cottage, uniq_joseph
Temple:   nicolae_temple_figure_eight

Skill      XL: |  1  2  3  4  5  6  7  8  9 |
---------------+----------------------------+-----
Axes           | 4 5 6 7 8 10 11 | 11.7
Armour         | 1 2 3 4 5 6 7 |  7.7
Fighting       | 4 5 6 7 8 |  8.7
Dodging        | |  3.2
Stealth        | |  1.5

Action                   |  1- 3 |  4- 6 |  7- 9 || total
-------------------------+-------+-------+-------++-------
Melee: Hand axe          |   100 |    69 |       ||   169
       Headbutt          |    11 |    13 |    30 ||    54
       Punch             |     4 |     3 |       ||     7
       War axe           |       |    31 |   123 ||   154
       Unarmed           |       |     3 |       ||     3
Invok: Ancestor Life: Ba |       |     1 |       ||     1
       Ancestor Identity |       |     1 |       ||     1
  Use: Potion            |       |     3 |       ||     3
       Scroll            |       |       |     8 ||     8
 Stab: Sleeping          |     2 |       |       ||     2
       Distracted        |       |       |     4 ||     4
Armor: Robe              |    14 |       |       ||    14
       Scale mail        |    36 |    50 |    18 ||   104
       Skin              |       |     1 |       ||     1
       Plate armour      |       |       |    47 ||    47
Dodge: Dodged            |    65 |    49 |    42 ||   156
